 Dungeon Crawl Stone Soup version 0.28.0-49-g6dfe1f597d (webtiles) character file.

Game seed: 14497554461018893464

63 Zeld the Ogre Mage (level 4, 0/42 HPs)
             Began as an Ogre Transmuter on May 19, 2022.
             Succumbed to an adder's poison
             ... on level 2 of the Dungeon.
             The game lasted 00:01:11 (1808 turns).

Zeld the Ogre Mage (Ogre Transmuter)                Turns: 1808, Time: 00:01:12

Health: 0/42       AC:  2    Str: 16    XL:     4   Next: 9%
Magic:  7/9        EV: 19    Int: 14    God:
Gold:   66         SH:  0    Dex: 14    Spells: 3/9 levels left

rFire   . . .      SeeInvis .     - Unarmed
rCold   . . .      Faith    .   (shield currently unavailable)
rNeg    . . .      Spirit   .   (armour currently unavailable)
rPois   x          Reflect  .   (helmet currently unavailable)
rElec   .          Harm     .   (cloak currently unavailable)
rCorr   .          Rampage  .   (gloves unavailable)
Will    .....                   (boots unavailable)
Stlth   +.........              (no amulet)
HPRegen 0.14/turn               (no ring)
MPRegen 0.11/turn               (no ring)

@: lethally poisoned (0 -> -7), spider-form (expiring)
A: venomous fangs, tiny, unfitting armour, (tough skin 1)
a: End Transformation


You were on level 2 of the Dungeon.
You were a venomous arachnid creature.
You visited 1 branch of the dungeon, and saw 2 of its levels.

You collected 66 gold pieces.

Inventory:

Armour
 a - a +0 robe (melded)
 d - a +1 cloak (melded)
Scrolls
 b - a scroll of amnesia {unknown}
 f - a scroll of identify {unknown}
Potions
 c - a potion of mutation {unknown}
 e - a potion of heal wounds {unknown}


   Skills:
 + Level 2.3 Fighting
 + Level 2.2 Dodging
 - Level 2.6 Unarmed Combat
 * Level 3.3 Spellcasting
 * Level 2.5 Transmutations
 + Level 0.5 Poison Magic


You had 3 spell levels left.
You knew the following spells:

 Your Spells              Type           Power      Damage    Failure   Level
a - Beastly Appendage     Tmut           18%        N/A       21%         1
b - Wereblood             Tmut           9%         N/A       26%         2
c - Spider Form           Tmut/Pois      6%         N/A       54%         3

Your spell library contained the following spells:

 Spells                   Type           Power      Damage    Failure   Level
 Ice Form                 Ice/Tmut       5%         N/A       90%         4


Dungeon Overview and Level Annotations

Branches:
Dungeon (2/15)

Altars:

Annotations:
D:2 Natasha


Innate Abilities, Weirdness & Mutations

You are a venomous arachnid creature.
You have poisonous fangs.
You are tiny and dextrous.
Your spellcasting is less reliable in this form.
Your armour is entirely melded.
You are incapable of wielding weapons or throwing items.
You are too large for most types of armour.
((You have tough skin. (AC +1)))


Message History

You hit the iron imp but do no damage. Natasha claws you.
The iron imp closely misses you.
You hit the iron imp.
The iron imp is poisoned.
The iron imp is lightly wounded.
Natasha casts a spell.
The adder bites you. The iron imp misses you.
You hit Natasha but do no damage.
Natasha is poisoned.
Your transformation is almost over.
Natasha misses you. The adder barely misses you.
You barely miss Natasha.
Natasha is moderately wounded.
The adder closely misses you.
Natasha stares at you and mumbles some strange words.
The magic dart hits you. The iron imp completely misses you.
You closely miss Natasha.
Natasha is moderately wounded.
The adder bites you. The shadow imp completely misses you. Natasha claws you.
The iron imp hits you.
Unknown command.
The shadow imp gestures at you. Pain shoots through your body!
* * * LOW HITPOINT WARNING * * *
The adder bites you.
* * * LOW HITPOINT WARNING * * *
You are lethally poisoned!
The adder poisons you!
* * * LOW HITPOINT WARNING * * *
You feel very sick.
Unknown command.
You hit the adder but do no damage.
The adder is poisoned.
* * * LOW HITPOINT WARNING * * *
You feel sick. The adder misses you.
Unknown command.
You barely miss the adder.
* * * LOW HITPOINT WARNING * * *
You feel sick. The adder closely misses you.
Natasha casts a spell.
Unknown command.
Okay, then.
You die...

### ## #.. . #.#
.#####
#.####..)...
#.##.....#
######.##5.5..##
########
#.....s.Sh5.....#
#......#
#.####.##...(.#?#
#.####.####.#
#.##.....# #.#
#......#
#.####.### #.#
######## #.. ...
#.# ### ### .###
#.# #.. .# ..#
#.# ### #.#


You could see 2 iron imps, Natasha (very poisoned), an adder (very poisoned) and
a shadow imp (summoned).

Vanquished Creatures
  Natasha (D:2)
  A dart slug (D:1)
  A ball python (D:1)
  5 bats
  2 endoplasms
  5 goblins
  6 hobgoblins
  2 jackals (D:1)
  3 kobolds (D:1)
  2 quokkas (D:1)
  2 rats (D:1)
30 creatures vanquished.

Notes
Turn   | Place    | Note
-------+----------+-------------------------------------------
     0 | D:1      | Zeld the Ogre Transmuter began the quest for the Orb.
     0 | D:1      | Reached XP level 1. HP: 19/19 MP: 3/3
   138 | D:1      | Reached XP level 2. HP: 15/27 MP: 5/5
   790 | D:1      | Reached XP level 3. HP: 35/35 MP: 5/7
   793 | D:1      | Learned a level 2 spell: Wereblood
   797 | D:1      | Learned a level 3 spell: Spider Form
   815 | D:1      | Reached skill level 3 in Spellcasting
  1568 | D:2      | Noticed Natasha
  1576 | D:2      | Killed Natasha
  1577 | D:2      | Reached XP level 4. HP: 26/42 MP: 1/9
  1727 | D:2      | Identified the +0 ring mail of Edofemuf {rC- Will+ Str+2}
  1793 | D:2      | Noticed Natasha
  1807 | D:2      | HP: 2/42 [poisoned by an adder]
  1808 | D:2      | Succumbed to an adder's poison

Illustrated notes

Levels and vault maps discovered:
D:1:      dpeg_arrival_round_a, layout_basic, chequers_serial_rivers_room_b,
          minmay_statues_item, st_stairs_7, chequers_serial_rivers_micro_e
D:2:      layout_loops_ring, uniq_natasha

Skill      XL: |  1  2  3 |
---------------+----------+-----
Transmutations | 2 |  2.5
Dodging        | 2 |  2.2
Fighting       | 2 |  2.3
Spellcasting   | 3 |  3.3
Unarmed Combat | |  2.6
Poison Magic   | |  0.5

Action                   |  1- 3 |  4- 6 || total
-------------------------+-------+-------++-------
Melee: Unarmed           |    69 |    10 ||    79
       Kick              |    14 |       ||    14
       Headbutt          |     8 |     1 ||     9
 Cast: Beastly Appendage |    20 |     1 ||    21
       Spider Form       |     1 |     1 ||     2
Armor: Robe              |    24 |     2 ||    26
Dodge: Dodged            |    40 |    15 ||    55
